 Dungeon Crawl Stone Soup version 0.17.0-26-gececa24 (webtiles) character file.

562165 septik the Impregnable (level 27, -4/177 HPs)
             Began as a Gargoyle Fighter on Nov 19, 2015.
             Was a High Priest of Okawaru.
             Splashed with acid (21 damage)
             ... on level 1 of the Pits of Slime on Nov 20, 2015.
             The game lasted 03:50:50 (51546 turns).

septik the Impregnable (Gargoyle Fighter)          Turns: 51546, Time: 03:50:50

Health: -4/177     AC: 75    Str: 38      XL:     27
Magic:  29/29      EV: 16    Int: 11      God:    Okawaru [*****.]
Gold:   5946       SH: 17    Dex:  9 (10) Spells: 0 memorised, 26 levels left

rFire  + . .     SeeInvis .     R - +6 broad axe (drain)
rCold  + . .     Clarity  +     a - +27 Lear's hauberk
rNeg   + + .     SustAt   .     q - +2 shield {AC+3}
rPois  ∞         Gourm    .     (helmet currently unavailable)
rElec  +         Spirit   .     K - +1 cloak "Omyffyh" {Str+8}
rCorr  .         Warding  .     (gloves currently unavailable)
rMut   .         Rnd*Tele +     (boots currently unavailable)
MR     +++++                    h - amulet of the Four Winds {Clar rN+ MR+++}
Stlth  ..........               F - ring of Suntuwa {rElec rPois rC+ AC+5 Stlth+}
                                s - ring of protection from fire

@: flying, almost entirely resistant to hostile enchantments, extremely
unstealthy
A: big wings, camouflage 1, deterioration 1, low mp 1, negative energy
resistance 1, screaming 1, electricity resistance, teleportitis 1, unbreathing,
petrification resistance, rot immunity, AC +20
a: Stop Flying, Heroism, Finesse, Renounce Religion
}: 2/15 runes: decaying, serpentine


You were on level 1 of the Pits of Slime.
You worshipped Okawaru.
Okawaru was extremely pleased with you.
You were not hungry.

You visited 10 branches of the dungeon, and saw 49 of its levels.
You also visited: Trove.

You collected 8119 gold pieces.
You spent 2173 gold pieces at shops.

Inventory:

Hand Weapons
 P - the +8 war axe of Exoneration {flame, rElec Str+2 Dex+2}
   (Okawaru gifted it to you on level 2 of the Snake Pit)

   It has been specially enchanted to burn those struck by it, causing extra
   injury to most foes and up to half again as much damage against particularly
   susceptible opponents.
   Big, fiery blades are also staple armaments of hydra-hunters.
   It affects your strength (+2).
   It affects your dexterity (+2).
   It insulates you from electricity.
 R - a +6 broad axe of draining (weapon)
 W - a +2 demon whip of electrocution
Missiles
 Q - 1081 stones (quivered)
Armour
 a - the +27 Lear's hauberk (worn)
   (You acquired it on level 2 of the Lair of Beasts)
 c - the +1 pair of boots "Afiu" {rC+ Regen+}
   (Okawaru gifted it to you on level 4 of the Swamp)

   It protects you from cold.
   It increases your rate of regeneration.
 f - the +12 plate armour of Benevolence {SInv}
   (You bought it in a shop on level 1 of the Orcish Mines)

   It lets you see invisible.
 p - the +2 pair of gloves of Buoshuff {Regen+ Dex+5}
   (Okawaru gifted it to you on level 2 of the Orcish Mines)

   It affects your dexterity (+5).
   It increases your rate of regeneration.
 q - a +2 shield of protection (worn)
 r - the +1 ratskin cloak {rPois rN+ Int-1 Dex-1}
   (You acquired it on level 2 of the Lair of Beasts)

   It affects your intelligence (-1).
   It affects your dexterity (-1).
   It protects you from poison.
   It protects you from negative energy.
 x - the +2 hat "Acygehikk" {rPois MR+ Regen+ Dex-4}
   (Okawaru gifted it to you on level 4 of the Lair of Beasts)

   It affects your dexterity (-4).
   It protects you from poison.
   It affects your resistance to hostile enchantments.
   It increases your rate of regeneration.
 K - the +1 cloak "Omyffyh" (worn) {Str+8}
   (You found it on level 3 of the Elven Halls)

   It affects your strength (+8).
Jewellery
 g - the ring of Vieq Xuo {EV+2 Str+5 Int+5 Slay+3}
   (You found it on level 3 of the Elven Halls)

   [ring of evasion]

   It affects your evasion (+2).
   It affects your strength (+5).
   It affects your intelligence (+5).
   It affects your accuracy and damage with ranged weapons and melee attacks
   (+3).
 h - the amulet of the Four Winds (around neck) {Clar rN+ MR+++}
   (You took it off a vampire knight on level 4 of the Depths)

   [amulet of clarity]

   It provides mental clarity.
   It protects you from negative energy.
   It affects your resistance to hostile enchantments.
 s - a ring of protection from fire (left hand)
 F - the ring of Suntuwa (right hand) {rElec rPois rC+ AC+5 Stlth+}
   (You found it on level 3 of the Elven Halls)

   [ring of protection]

   It affects your AC (+5).
   It protects you from cold.
   It insulates you from electricity.
   It protects you from poison.
   It makes you more stealthy.
 I - an uncursed amulet of resist corrosion
Wands
 b - a wand of teleportation (7)
 d - a wand of heal wounds (6)
 k - a wand of disintegration (5)
 l - a wand of digging (12)
 E - a wand of hasting (2)
Scrolls
 m - 14 scrolls of identify
 y - 7 scrolls of immolation
 A - 5 scrolls of fear
 B - 3 scrolls of magic mapping
 C - 27 scrolls of remove curse
 M - 3 scrolls of blinking
 S - 9 scrolls of teleportation
 U - 3 scrolls of fog
Potions
 i - 5 potions of agility
 t - 10 potions of curing
 z - 7 potions of heal wounds
 J - 3 potions of haste
Comestibles
 e - 33 bread rations
 j - 39 fruits


   Skills:
 + Level 19.4 Fighting
 - Level 17.3(18.0) Axes
 - Level 10.1(15.4) Maces & Flails
 + Level 23.6 Armour
 + Level 16.7 Dodging
 - Level 15.0 Shields
 - Level 10.8 Invocations
 * Level 13.4 Evocations


You had 26 spell levels left.
You didn't know any spells.

Dungeon Overview and Level Annotations

Branches:
Dungeon (15/15)            Temple (1/1) D:4            Lair (8/8) D:10
  Swamp (4/4) Lair:3        Snake (4/4) Lair:3        Slime (1/6) Lair:7
    Orc (4/4) D:12            Elf (3/3) Orc:4        Vaults (4/5) D:14
  Crypt (0/3) Vaults:2     Depths (5/5) D:15            Zot (0/5) Depths:5

Altars:
Ashenzari
Cheibriados
Dithmenos
Elyvilon
Fedhas
Gozag
Kikubaaqudgha
Makhleb
Nemelex Xobeh
Okawaru
Qazlal
Ru
Sif Muna
Trog
Vehumet
Xom
Yredelemnul
Zin
The Shining One

Shops:
D:8 (   D:12 [   Orc:1 [=[*:   Orc:4 :[(:   Elf:1 }(   Snake:3 (   Depths:3 [

Portals:
Hell: Depths:1 Depths:2 Depths:3 Depths:4 Depths:5
Abyss: Depths:1 Depths:2 Depths:4 Depths:5
Pandemonium: Depths:3
Ziggurat: Depths:1

Annotations:
D:4 exclusion: player ghost, septik's ghost, amateur GrFi
Swamp:1 exclusion: Roxanne, Roxanne
Depths:2 exclusion: 2 orange crystal statues


Innate Abilities, Weirdness & Mutations

You are resistant to torment.
Your stone body is resilient (AC +20).
You are immune to poison.
Your large and strong wings let you fly indefinitely.
You resist negative energy.
You are resistant to electric shocks.
You can survive without breathing.
You are immune to petrification.
You are immune to rotting.
Your skin changes colour to match your surroundings (Stealth).
Your body sometimes deteriorates upon taking damage.
Your magical capacity is low (-10% MP).
You occasionally shout uncontrollably at your foes.
You are occasionally teleported to nearby monsters.


Message History

The jelly quivers.
The jelly moves out of view.
The walls burn you! The walls burn you!
* * * LOW HITPOINT WARNING * * *
A slime creature comes into view.
The walls burn you!
* * * LOW HITPOINT WARNING * * *
The slime creature quivers. 2 slime creatures come into view.
You shout at the slime creature!
The slime creature quivers. x2
A slime creature comes into view.
You chop the jelly into pieces!!!
You kill the jelly!
Okawaru accepts your kill.
A slime creature comes into view.
Unknown command.
The walls burn you!
You die...

##....#. ##
.#......#....... #.
..#...........<.. ##.
................. #..
#...........#....
##.###..........#.....
##...##.............#..
#.....#..#.#...>.....#.
##.#.#@...#..........#.
#..##............#..##
#................. .. #
##..##......... # ###
#.......#. .....J..#
..........# .#.....JJJ.
. ##...###.J#. .


You could see 4 slime creatures.

Vanquished Creatures
  Vashnia (Snake:2)
  A golden dragon (Depths:5)
  Nikola (Snake:3)
  Jorgrun (Elf:2)
  Rupert (Orc:4)
  2 tentacled monstrosities
  2 titans (Depths:3)
  Asterion (Depths:2)
  2 deep elf master archers (Elf:3)
  3 deep elf blademasters
  A Shadow Fiend (Depths:2)
  4 liches
  2 acid blobs (Slime:1)
  An eldritch tentacle (Depths:4)
  Agnes (Vaults:3)
  Frances (Vaults:3)
  3 thorn hunters
  5 sphinxes
  2 octopode crushers (Depths:4)
  A shadow dragon (Depths:2)
  7 greater nagas
  3 storm dragons
  3 azure jellies (Slime:1)
  The ghost of McCoppin the Fencer, an adept DgHu (Snake:3)
  10 frost giants
  8 fire giants
  Maud (Lair:7)
  3 orc warlords
  Aizul (Vaults:1)
  A balrug (Depths:4)
  9 deep elf sorcerers
  A ghoul (Depths:4)
  A draconian annihilator (Depths:5)
  14 vault wardens
  10 ironheart preservers
  12 stone giants
  12 very ugly things
  3 spriggan defenders (Depths:5)
  8 deep elf demonologists
  A draconian caller (Depths:5)
  6 vampire knights
  9 deep elf annihilators
  A black draconian (Depths:5)
  A white draconian (Depths:5)
  A salamander stormcaller (Vaults:4)
  A mottled draconian (Depths:5)
  A yellow draconian (Depths:5)
  2 red draconians (Depths:5)
  A purple draconian (Depths:5)
  A dire elephant (D:15)
  16 ettins
  Snorg (D:11)
  13 deep elf death magi
  10 great orbs of eyes
  2 jiangshi (Depths:3)
  5 vault guards
  9 yaktaur captains
  7 fire dragons
  10 ice dragons
  10 deep elf high priests
  4 entropy weavers
  Harold (Orc:2)
  Erolcha (D:12)
  25 hydras
  10 naga warriors
  13 anacondas
  3 spriggan air magi
  5 centaur warriors
  13 ogre magi
  5 rakshasas
  9 alligators
  A catoblepas (D:14)
  7 deep troll earth magi
  14 dancing weapons
  4 deep troll shamans
  8 tengu warriors
  13 death yaks
  5 vampire magi
  12 naga sharpshooters
  Urug (Lair:2)
  28 deep elf knights
  10 shock serpents
  7 orc high priests
  7 spriggan berserkers
  A soul eater (Vaults:2)
  10 small abominations
  A storm dragon zombie (Depths:3)
  6 shadow wraiths
  A fire crab (Vaults:2)
  13 hell knights
  An iron troll (Depths:1)
  5 salamander mystics
  3 sea snakes (Snake:4)
  A storm dragon skeleton (Vaults:3)
  4 naga ritualists
  4 wizards
  7 unseen horrors
  4 skeletal warriors
  17 deep trolls
  2 phantasmal warriors (Depths:4)
  7 giant orange brains
  8 necromancers
  A spectral hydra (Depths:2)
  2 death drakes (Depths:2)
  4 lindwurms (Snake:4)
  A deep troll (shapeshifter) (Vaults:1)
  2 spriggan druids (Swamp:3)
  10 ironbrand convokers
  7 deep elf summoners
  2 spectral minotaurs (Depths:2)
  2 shambling mangroves
  A sea snake (shapeshifter) (Vaults:3)
  3 hornets
  8 hill giants
  11 swamp dragons
  9 mana vipers
  19 deep elf conjurers
  19 orc knights
  8 flayed ghosts
  4 griffons
  5 cyclopes
  A hornet (shapeshifter) (Vaults:4)
  10 harpies
  A harpy (shapeshifter) (Vaults:2)
  An orb spider (shapeshifter) (Vaults:2)
  2 shining eyes (Slime:1)
  4 orc sorcerers (Orc:4)
  A tengu skeleton (Depths:3)
  3 wolf spiders
  A sphinx skeleton (Depths:3)
  20 elephants
  An iron dragon skeleton (Depths:3)
  14 naga magi
  65 ugly things
  4 salamanders
  3 oklob plants (Lair:7)
  48 slime creatures
  10 vault sentinels
  An elephant (shapeshifter) (Vaults:2)
  An octopode (shapeshifter) (Vaults:2)
  5 guardian serpents
  A spiny frog (shapeshifter) (Depths:1)
  15 spiny frogs
  25 black mambas
  A fire giant skeleton (Depths:3)
  2 gargoyles
  An efreet (D:15)
  2 eyes of devastation (Slime:1)
  A torpor snail (Lair:6)
  An anaconda simulacrum (Depths:2)
  64 yaktaurs
  A hellwing (Depths:4)
  3 tengu conjurers
  7 trolls
  18 deep elf priests
  6 fire drakes
  10 komodo dragons
  A jumping spider (Depths:3)
  A spectral merfolk (Depths:2)
  4 freezing wraiths
  18 polar bears
  A queen bee (shapeshifter) (Vaults:3)
  8 giant leeches
  18 two-headed ogres
  2 polar bears (shapeshifter)
  5 bog bodies
  2 two-headed ogres (shapeshifter)
  6 boulder beetles
  8 large abominations
  6 raiju
  A frost giant simulacrum (Vaults:3)
  5 air elementals
  4 wyverns
  8 spriggans
  8 water elementals
  8 wraiths
  9 redbacks
  An ettin skeleton (Vaults:3)
  100 yaks
  6 blink frogs
  4 golden eyes (Slime:1)
  18 humans
  3 vampires (Depths:2)
  6 basilisks
  39 deep elf magi
  A spriggan (shapeshifter) (Depths:4)
  55 deep elf fighters
  Eustachio (D:5)
  A hog (D:7)
  4 hippogriffs
  8 shadows
  A hippogriff (shapeshifter) (Vaults:1)
  30 vampire mosquitoes
  A tarantella (shapeshifter) (Vaults:2)
  5 insubstantial wisps (Swamp:1)
  22 nagas
  6 steam dragons
  32 wolves
  4 chaos spawn (Depths:5)
  17 wargs
  A soldier ant (shapeshifter) (D:14)
  18 swamp worms
  A mottled dragon (D:15)
  2 soldier ants (D:14)
  2 spectral trolls (Depths:2)
  7 hungry ghosts
  16 swamp drakes
  12 water moccasins
  A wasp (shapeshifter) (Depths:4)
  3 phantoms
  10 hell hounds
  3 spectral spriggans (Depths:2)
  12 porcupines
  4 eyes of draining
  11 boggarts
  2 ice beasts
  53 ogres
  5 sky beasts
  17 wasps
  27 orc warriors
  24 black bears
  A snapping turtle zombie (Depths:2)
  An elf skeleton (Vaults:3)
  27 crocodiles
  23 centaurs
  A merfolk simulacrum (Depths:2)
  3 elf zombies
  25 giant frogs
  18 big kobolds
  A brain worm (D:14)
  A human skeleton (Vaults:3)
  2 wyvern skeletons (D:14)
  A water moccasin zombie (D:12)
  3 spectral nagas (Depths:2)
  A spectral ogre (Depths:2)
  6 killer bees (D:8)
  16 wights
  4 spectral centaurs (Depths:2)
  7 crimson imps
  A wasp zombie (D:11)
  4 electric eels
  An orc simulacrum (Vaults:2)
  A giant frog zombie (D:6)
  20 hounds
  2 human simulacra
  3 centaur zombies
  5 human zombies
  25 orc priests
  15 jellies
  A quasit (D:9)
  A giant frog skeleton (D:6)
  16 iguanas
  A troll simulacrum (Depths:2)
  Jessica (D:2)
  4 centaur skeletons
  Terence (D:3)
  12 worker ants
  A hell rat (D:10)
  32 orc wizards
  15 sheep
  A hound skeleton (D:9)
  4 mummies (D:15)
  6 gnolls (D:5)
  3 worker ant zombies
  15 adders
  39 river rats
  4 shadow imps
  A giant eyeball (Depths:2)
  2 oozes
  2 adder skeletons
  2 worms
  7 giant geckos
  144 orcs
  7 giant cockroaches
  10 goblins
  9 hobgoblins
  17 jackals
  6 bats
  2 giant gecko skeletons
  6 giant newts
  20 kobolds
  An orc zombie (D:15)
  2 quokkas (D:5)
  2 quokka skeletons
  12 rats
  A briar patch (Swamp:4)
  2 bushes (Lair:6)
  9 crawling corpses
  4 fungi
  17 plants
2404 creatures vanquished.

Vanquished Creatures (others)
  A deep elf high priest (Elf:3)
  An ogre mage (Vaults:1)
  A wizard (Vaults:2)
  An orc knight (Orc:4)
  A vault sentinel (Vaults:2)
  A spriggan (Swamp:1)
  A golden eye (Slime:1)
  A chaos spawn (Depths:5)
  2 humans (Lair:7)
  A naga (Snake:4)
  A wasp (Swamp:1)
  2 ogres
  A hound (D:7)
  A worker ant (D:3)
  124 eldritch tentacle segments (Depths:4)
  5 fungi
  2 lost souls (Depths:2)
  29 plants
  11 toadstools (Swamp:3)
187 creatures vanquished.

Grand Total: 2591 creatures vanquished

Notes
Turn   | Place    | Note
--------------------------------------------------------------
     0 | D:1      | septik the Gargoyle Fighter began the quest for the Orb.
     0 | D:1      | Reached XP level 1. HP: 14/14 MP: 1/1
    47 | D:1      | Reached XP level 2. HP: 19/19 MP: 2/2
   391 | D:1      | Reached XP level 3. HP: 23/23 MP: 3/3
   733 | D:2      | Reached skill level 4 in Maces & Flails
   869 | D:2      | Reached XP level 4. HP: 23/28 MP: 4/4
  1183 | D:2      | Noticed Jessica
  1193 | D:2      | Killed Jessica
  1724 | D:3      | Noticed Terence
  1754 | D:3      | Killed Terence
  1754 | D:3      | Reached skill level 5 in Maces & Flails
  1754 | D:3      | Reached XP level 5. HP: 21/32 MP: 5/5
  2281 | D:4      | Reached skill level 6 in Maces & Flails
  2322 | D:4      | Noticed an ogre
  2326 | D:4      | Noticed septik's ghost (amateur GrFi)
  2353 | D:3      | Killed an ogre
  2353 | D:3      | Reached XP level 6. HP: 4/37 MP: 6/6
  2900 | D:4      | Reached skill level 7 in Maces & Flails
  2911 | D:4      | Noticed a phantom
  2935 | D:4      | Killed a phantom
  2935 | D:4      | Reached XP level 7. HP: 32/41 MP: 7/7
  3408 | D:4      | Found a staircase to the Ecumenical Temple.
  3418 | Temple   | Entered the Ecumenical Temple
  3514 | Temple   | Became a worshipper of Warmaster Okawaru
  3569 | D:5      | Entered Level 5 of the Dungeon
  3661 | D:5      | Reached skill level 8 in Maces & Flails
  3677 | D:5      | Noticed Eustachio
  3735 | D:5      | Killed Eustachio
  3735 | D:5      | Reached skill level 9 in Maces & Flails
  3735 | D:5      | Reached XP level 8. HP: 21/46 MP: 8/8
  3742 | D:5      | Reached * piety under Okawaru
  4006 | D:5      | Found a blossoming altar of Fedhas.
  4324 | D:5      | Found a shimmering altar of Xom.
  4551 | D:6      | Reached skill level 10 in Maces & Flails
  4670 | D:6      | Got a shimmering war axe
  4671 | D:6      | Identified the +5 war axe "Oquwk" {elec, rC+ rN+ MP+9} (You found it on level 6 of the Dungeon)
  4778 | D:6      | Reached ** piety under Okawaru
  5034 | D:7      | Reached skill level 1 in Dodging
  5217 | D:7      | Reached skill level 1 in Axes
  5223 | D:7      | Reached XP level 9. HP: 40/53 MP: 9/9
  5227 | D:7      | Reached skill level 5 in Fighting
  5395 | D:7      | Reached *** piety under Okawaru
  5442 | D:7      | Got a warped silver ring
  5601 | D:7      | Reached **** piety under Okawaru
  5601 | D:7      | Reached skill level 5 in Shields
  5657 | D:7      | Reached skill level 5 in Armour
  5869 | D:7      | Identified the ring of the Briny Deep {Str+2 Dex+7 SInv} (You found it on level 7 of the Dungeon)
  5885 | D:8      | Found Wics's Weapon Shoppe.
  5924 | D:8      | Reached XP level 10. HP: 56/63 MP: 10/10
  6430 | D:8      | Reached ***** piety under Okawaru
  6467 | D:8      | Found a glowing silver altar of Zin.
  6467 | D:8      | Found a sacrificial altar of Ru.
  6467 | D:8      | Found a shattered altar of Ashenzari.
  6467 | D:8      | Found a blossoming altar of Fedhas.
  6479 | D:8      | Found a stormy altar of Qazlal.
  6479 | D:8      | Found an opulent altar of Gozag.
  7614 | D:9      | Received a gift from Okawaru
  7617 | D:9      | Got a heavily runed scale mail {god gift}
  7628 | D:9      | Identified the +2 scale mail of the Lost Path {Dex+5} (Okawaru gifted it to you on level 9 of the Dungeon)
  7900 | D:10     | Entered Level 10 of the Dungeon
  8041 | D:10     | Got an ancient cloak
  8047 | D:10     | Identified the +2 cloak of the Gate {MR+ Str+4} (You found it on level 10 of the Dungeon)
  8263 | D:10     | Reached XP level 11. HP: 65/71 MP: 11/11
  8378 | D:10     | Found a staircase to the Lair.
  8601 | D:10     | You fall through a shaft!
  8601 | D:11     | Noticed Snorg
  8622 | D:11     | Killed Snorg
  8622 | D:11     | Reached skill level 5 in Axes
  8662 | D:11     | Reached skill level 5 in Dodging
  8941 | D:11     | Received a gift from Okawaru
  8945 | D:11     | Reached skill level 1 in Invocations
  9493 | D:12     | Reached XP level 12. HP: 77/77 MP: 14/14
  9562 | D:12     | Noticed an eight-headed hydra
  9580 | D:12     | Killed an eight-headed hydra
  9580 | D:12     | Received a gift from Okawaru
  9606 | D:12     | Got a pitted hat {god gift}
  9617 | D:12     | Identified the +0 hat of Dunaucym {rF+} (Okawaru gifted it to you on level 12 of the Dungeon)
  9753 | D:12     | Noticed an unseen horror
  9758 | D:12     | Killed an unseen horror
  9812 | D:12     | Found a staircase to the Orcish Mines.
  9928 | D:12     | Found Edwor's Antique Armour Emporium.
  9929 | D:12     | Noticed Erolcha
  9941 | D:12     | Killed Erolcha
 10014 | D:12     | Reached skill level 5 in Invocations
 10403 | Lair:1   | Entered Level 1 of the Lair of Beasts
 10504 | Lair:1   | Noticed a five-headed hydra
 10513 | Lair:1   | Killed a five-headed hydra
 10576 | Lair:1   | Reached ****** piety under Okawaru
 10710 | Lair:1   | Received a gift from Okawaru
 11073 | Lair:2   | Noticed Urug
 11080 | Lair:2   | Killed Urug
 11080 | Lair:2   | Reached XP level 13. HP: 57/82 MP: 17/17
 11111 | Lair:2   | Received a gift from Okawaru
 11128 | Lair:2   | Got a fine hat {god gift}
 11134 | Lair:2   | Identified the +0 hat of Complete Protection {rPois rC- Dex-2 Stlth+} (Okawaru gifted it to you on level 2 of the Lair of Beasts)
 11787 | Lair:3   | Reached skill level 10 in Axes
 11918 | Lair:3   | Found a staircase to the Swamp.
 12311 | Lair:3   | Found a staircase to the Snake Pit.
 12686 | Lair:4   | Received a gift from Okawaru
 12701 | Lair:4   | Got a dazzling hat {god gift}
 12712 | Lair:4   | Identified the +2 hat "Acygehikk" {rPois MR+ Regen+ Dex-4} (Okawaru gifted it to you on level 4 of the Lair of Beasts)
 14083 | Lair:6   | Reached skill level 11 in Axes
 14181 | Lair:6   | Gained mutation: Your large and strong wings let you fly indefinitely. [Gargoyle growth]
 14181 | Lair:6   | Reached XP level 14. HP: 38/87 MP: 20/20
 14584 | Lair:6   | Received a gift from Okawaru
 15312 | Lair:7   | Reached skill level 10 in Armour
 15707 | Lair:7   | Noticed Maud
 15729 | Lair:7   | Killed Maud
 15729 | Lair:7   | Received a gift from Okawaru
 15729 | Lair:7   | Reached skill level 12 in Axes
 16006 | Lair:7   | Received a gift from Okawaru
 16024 | Lair:7   | Received a gift from Okawaru
 16037 | Lair:7   | Reached skill level 10 in Invocations
 16521 | Lair:7   | Reached XP level 15. HP: 92/92 MP: 22/22
 16748 | Lair:8   | Entered Level 8 of the Lair of Beasts
 17124 | Lair:8   | Reached skill level 13 in Axes
 17234 | Lair:8   | Received a gift from Okawaru
 18572 | Orc:1    | Entered Level 1 of the Orcish Mines
 18572 | Orc:1    | Found Noycsul's Book Emporium.
 18643 | Orc:1    | Found Lotuesoa's General Store.
 18760 | Orc:2    | Noticed Harold
 18771 | Orc:2    | Killed Harold
 19331 | Orc:1    | Found Safur's Jewellery Emporium.
 19335 | Orc:1    | Found Osuvom's Antique Armour Shop.
 19348 | Orc:1    | Found Rarai's Armour Boutique.
 19468 | Orc:1    | Bought an amethyst-encrusted plate armour for 896 gold pieces
 19478 | Orc:1    | Identified the +12 plate armour of Benevolence {SInv} (You bought it in a shop on level 1 of the Orcish Mines)
 20146 | Orc:2    | Received a gift from Okawaru
 20150 | Orc:2    | Got a pair of shimmering gloves {god gift}
 20161 | Orc:2    | Identified the +2 pair of gloves of Buoshuff {Regen+ Dex+5} (Okawaru gifted it to you on level 2 of the Orcish Mines)
 20519 | Orc:4    | Entered Level 4 of the Orcish Mines
 20519 | Orc:4    | Found a staircase to the Elven Halls.
 20624 | Orc:4    | Noticed Rupert
 20640 | Orc:4    | Killed Rupert
 20640 | Orc:4    | Reached skill level 14 in Armour
 20813 | Orc:4    | Reached XP level 16. HP: 91/97 MP: 22/24
 21068 | Orc:4    | Reached skill level 15 in Armour
 21151 | Orc:4    | Found Oqeitz's Weapon Shoppe.
 21151 | Orc:4    | Found Ufialuet's Book Boutique.
 21155 | Orc:4    | Found Ydun's Book Shoppe.
 21155 | Orc:4    | Found Vaozyck's Armour Boutique.
 21163 | Orc:4    | Bought a manual of Axes for 1214 gold pieces
 21366 | Orc:4    | Bought a +0 pair of boots for 63 gold pieces
 21485 | D:12     | Reached skill level 10 in Fighting
 22016 | D:14     | Found a gate to the Vaults.
 22032 | D:14     | Received a gift from Okawaru
 22278 | D:14     | Reached skill level 16 in Armour
 22324 | D:14     | Reached skill level 15 in Axes
 22466 | D:14     | Received a gift from Okawaru
 22809 | D:15     | Entered Level 15 of the Dungeon
 23136 | D:15     | Found a staircase to the Depths.
 23299 | D:15     | Reached skill level 17 in Armour
 23408 | D:15     | Found a basalt altar of Yredelemnul.
 23828 | Swamp:1  | Entered Level 1 of the Swamp
 24079 | Swamp:1  | Received a gift from Okawaru
 24179 | Swamp:1  | Reached XP level 17. HP: 94/103 MP: 25/25
 24204 | Swamp:1  | Noticed Roxanne
 24302 | Swamp:1  | Noticed a tentacled monstrosity
 24318 | Swamp:1  | Killed a tentacled monstrosity
 24979 | Swamp:2  | Received a gift from Okawaru
 24982 | Swamp:2  | Got a bloodstained war axe {god gift}
 24983 | Swamp:2  | Identified the +6 war axe of the Trees {flame, rElec} (Okawaru gifted it to you on level 2 of the Swamp)
 25304 | Swamp:3  | Reached skill level 18 in Armour
 26219 | Swamp:4  | Entered Level 4 of the Swamp
 26762 | Swamp:4  | Received a gift from Okawaru
 26765 | Swamp:4  | Got a pair of fine boots {god gift}
 26791 | Swamp:4  | Identified the +1 pair of boots "Afiu" {rC+ Regen+} (Okawaru gifted it to you on level 4 of the Swamp)
 27054 | Swamp:3  | Reached skill level 10 in Shields
 27317 | Swamp:4  | Got a decaying rune of Zot
 27476 | Snake:1  | Entered Level 1 of the Snake Pit
 27654 | Snake:1  | Reached skill level 19 in Armour
 28191 | Snake:2  | Reached XP level 18. HP: 111/111 MP: 26/26
 28305 | Snake:2  | Noticed Vashnia
 28342 | Snake:2  | Killed Vashnia
 28342 | Snake:2  | Received a gift from Okawaru
 28345 | Snake:2  | Got an encrusted war axe {god gift}
 28364 | Snake:2  | Identified the +8 war axe of Exoneration {flame, rElec Str+2 Dex+2} (Okawaru gifted it to you on level 2 of the Snake Pit)
 29318 | Snake:3  | Noticed Nikola
 29330 | Snake:3  | Killed Nikola
 29330 | Snake:3  | Received a gift from Okawaru
 29342 | Snake:3  | Found Yderock's Antique Weapon Boutique.
 29546 | Snake:3  | Noticed McCoppin's ghost (adept DgHu)
 29566 | Snake:3  | Killed McCoppin's ghost
 29757 | Snake:4  | Entered Level 4 of the Snake Pit
 30156 | Snake:4  | Received a gift from Okawaru
 30751 | Snake:4  | Reached XP level 19. HP: 116/119 MP: 20/27
 30796 | Snake:4  | Received a gift from Okawaru
 30836 | Snake:4  | Got a slimy cloak {god gift}
 30843 | Snake:4  | Got a serpentine rune of Zot
 30857 | Snake:4  | Identified the +2 cloak of the Villain {Dex+6} (Okawaru gifted it to you on level 4 of the Snake Pit)
 31360 | Vaults:1 | Entered Level 1 of the Vaults
 31363 | Vaults:1 | Reached skill level 20 in Armour
 31594 | Vaults:1 | Received a gift from Okawaru
 31599 | Vaults:1 | Got a fine cloak {god gift}
 32026 | Vaults:1 | Noticed Aizul
 32043 | Vaults:1 | Killed Aizul
 32635 | Vaults:2 | Reached skill level 15 in Shields
 33097 | Vaults:2 | Received a gift from Okawaru
 33334 | Vaults:2 | Found a staircase to the Crypt.
 33396 | Vaults:2 | Reached XP level 20. HP: 114/128 MP: 28/28
 33435 | Vaults:2 | Reached skill level 15 in Fighting
 33441 | Vaults:2 | Received a gift from Okawaru
 33861 | Vaults:2 | Reached skill level 21 in Armour
 33948 | Vaults:2 | Got an encrusted scale mail
 33959 | Vaults:2 | Identified the +5 scale mail "Jentoesm" {Regen+ Str+2 Int+2} (You found it on level 2 of the Vaults)
 34307 | Vaults:3 | Got a scorched spear
 34308 | Vaults:3 | Identified the cursed +0 spear of Ogruel {elec, rC+} (You found it on level 3 of the Vaults)
 34340 | Vaults:3 | Received a gift from Okawaru
 34686 | Lair:2   | Identified the +1 cloak of Theory {MR+ Str+5 Dex-5 SInv} (Okawaru gifted it to you on level 1 of the Vaults)
 35474 | Vaults:3 | Noticed Agnes
 35474 | Vaults:3 | Noticed Frances
 35481 | Vaults:3 | Killed Agnes
 35494 | Vaults:3 | Killed Frances
 35787 | Vaults:3 | Received a gift from Okawaru
 35973 | Vaults:4 | Reached skill level 22 in Armour
 35991 | Vaults:4 | Reached XP level 21. HP: 135/138 MP: 29/29
 36611 | Vaults:4 | Received a gift from Okawaru
 36611 | Vaults:4 | Reached skill level 10 in Dodging
 37355 | Lair:2   | Identified a scroll of acquirement
 37858 | Elf:1    | Entered Level 1 of the Elven Halls
 38104 | Elf:1    | Found Laasazor's Weapon Emporium.
 38160 | Elf:1    | Found an ancient bone altar of Kikubaaqudgha.
 38276 | Elf:1    | Identified the Guide on Evil Magic
 38316 | Elf:1    | Found Ganon's Gadget Boutique.
 38908 | Elf:2    | Found a runed gate.
 38910 | Elf:2    | Found a runed gate.
 38913 | Elf:2    | Found a runed gate.
 39048 | Elf:2    | Noticed Jorgrun
 39068 | Elf:2    | Killed Jorgrun
 39529 | Elf:3    | Entered Level 3 of the Elven Halls
 39651 | Elf:3    | Received a gift from Okawaru
 39963 | Elf:3    | Reached XP level 22. HP: 118/144 MP: 30/30
 40065 | Elf:3    | Received a gift from Okawaru
 40221 | Elf:3    | Got a brightly glowing great mace {flame}
 40250 | Elf:3    | Got a brightly glowing chain mail
 40355 | Elf:3    | Received a gift from Okawaru
 40413 | Elf:3    | Received a gift from Okawaru
 40510 | Elf:3    | Identified the +7 chain mail of Ejesaer {rPois MR+} (You found it on level 3 of the Elven Halls)
 40518 | Elf:3    | Got a fine glass ring
 40520 | Elf:3    | Identified the ring of Xoocs {+Inv rElec rPois rF- MP+9} (You found it on level 3 of the Elven Halls)
 40533 | Elf:3    | Got a scorched cloak
 40544 | Elf:3    | Identified the +1 cloak "Omyffyh" {Str+8} (You found it on level 3 of the Elven Halls)
 40568 | Elf:3    | Got a faintly glowing ring mail
 40574 | Elf:3    | Identified the +1 ring mail of Pessimism {rF+} (You found it on level 3 of the Elven Halls)
 40761 | Elf:3    | Got a transparent lead ring
 40762 | Elf:3    | Identified the ring of Suntuwa {rElec rPois rC+ AC+5 Stlth+} (You found it on level 3 of the Elven Halls)
 41670 | Elf:3    | Got a warped glass ring
 41718 | Elf:3    | Got a scorched ring mail
 41729 | Elf:3    | Identified the +5 ring mail of Xaidgh {-Tele rElec rPois Str-5} (You found it on level 3 of the Elven Halls)
 41751 | Elf:3    | Got a steaming great mace
 41754 | Elf:3    | Got a brightly glowing triple crossbow
 41994 | Elf:3    | Identified the ring of Vieq Xuo {EV+2 Str+5 Int+5 Slay+3} (You found it on level 3 of the Elven Halls)
 42272 | Depths:1 | Entered Level 1 of the Depths
 42384 | Depths:1 | Reached skill level 15 in Dodging
 42442 | Depths:1 | Found a gateway to a ziggurat.
 42582 | Depths:1 | Reached skill level 1 in Evocations
 42606 | Depths:1 | Found a portal to a secret trove of treasure.
 42773 | Depths:1 | Found a one-way gate to the infinite horrors of the Abyss.
 43033 | Depths:1 | Found a gateway to Hell.
 43059 | Depths:1 | Received a gift from Okawaru
 43918 | Depths:1 | You paid a toll of a +6 demon trident to enter a treasure trove
 43919 | Trove    | Entered a treasure trove
 44163 | Depths:2 | Noticed Asterion
 44183 | Depths:2 | Killed Asterion
 44183 | Depths:2 | Reached XP level 23. HP: 150/150 MP: 24/31
 44440 | Depths:2 | Reached skill level 5 in Evocations
 44620 | Depths:2 | Reached XP level 24. HP: 157/157 MP: 31/31
 44892 | Depths:2 | Paralysed by a giant eyeball for 3 turns
 45374 | Depths:3 | Received a gift from Okawaru
 45375 | Depths:3 | Found a shattered altar of Ashenzari.
 45625 | Depths:3 | Found Xuvvim's Armour Shop.
 45630 | Depths:3 | Found a one-way gate leading to the halls of Pandemonium.
 46080 | Depths:3 | Reached XP level 25. HP: 163/163 MP: 31/31
 46294 | Depths:3 | Paralysed by a sphinx for 6 turns
 46330 | Depths:3 | Received a gift from Okawaru
 46356 | Depths:3 | Reached skill level 23 in Armour
 46380 | Depths:3 | Got a scorched hat {god gift}
 46391 | Depths:3 | Identified the +2 hat "Lorphihe" {*Corrode rPois rC- rN+} (Okawaru gifted it to you on level 3 of the Depths)
 46707 | Depths:3 | Reached skill level 10 in Evocations
 47633 | Lair:2   | Reached XP level 26. HP: 170/170 MP: 31/31
 48352 | Depths:4 | Received a gift from Okawaru
 48500 | Depths:4 | Got a shimmering flail {crush}
 48756 | Depths:5 | Entered Level 5 of the Depths
 49505 | Depths:5 | Received a gift from Okawaru
 49505 | Depths:5 | Reached XP level 27. HP: 175/177 MP: 32/32
 49722 | Depths:5 | Found a gate to the Realm of Zot.
 50344 | Lair:2   | Identified the cursed +1 flail of Excruciating Pain {crush, *Corrode rC+ MP+9 Stlth+} (You took it off a naga mage on level 4 of the Depths)
 50364 | Lair:2   | Identified the +5 great mace "Eqataipa" {flame, Int+4} (You took it off a deep elf annihilator on level 3 of the Elven Halls)
 50365 | Lair:2   | Identified the +11 triple crossbow of Untimely Demise {venom, SInv} (You found it on level 3 of the Elven Halls)
 50366 | Lair:2   | Identified the +8 great mace of Fury {pain, +Fly rF+ MR+} (You found it on level 3 of the Elven Halls)
 50387 | Lair:2   | Gained mutation: Your skin changes colour to match your surroundings (Stealth). [potion of beneficial mutation]
 50729 | Lair:7   | Found a staircase to the Slime Pits.
 50751 | Slime:1  | Entered Level 1 of the Pits of Slime
 50931 | Slime:1  | Gained mutation: Your body sometimes deteriorates upon taking damage. [a shining eye]
 50934 | Slime:1  | Gained mutation: You occasionally shout uncontrollably at your foes. [a shining eye]
 51035 | Slime:1  | Gained mutation: You are occasionally teleported to nearby monsters. [a shining eye]
 51037 | Slime:1  | Gained mutation: Your magical capacity is low (-10% MP). [a shining eye]
 51546 | Slime:1  | Splashed with acid

Action                   |  1- 3 |  4- 6 |  7- 9 | 10-12 | 13-15 | 16-18 | 19-21 | 22-24 | 25-27 || total
-------------------------+-------+-------+-------+-------+-------+-------+-------+-------+-------++-------
Melee: Flail             |   156 |   154 |       |       |       |       |       |       |       ||   310
       Mace              |       |    40 |   204 |    21 |    58 |   141 |       |       |       ||   464
       War axe           |       |       |   116 |   517 |   155 |   394 |    35 |       |       ||  1217
       Broad axe         |       |       |       |    49 |  1184 |  1032 |  1570 |  1159 |   891 ||  5885
Invok: Heroism           |       |       |     2 |     3 |     3 |     9 |     3 |     4 |     3 ||    27
       Finesse           |       |       |       |     1 |       |     3 |     1 |     1 |     1 ||     7
 Abil: Fly               |       |       |       |       |       |     2 |       |       |     1 ||     3
       Stop Flying       |       |       |       |       |       |       |       |     1 |       ||     1
Evoke: Wand              |       |       |       |       |     3 |     1 |       |       |     1 ||     5
  Use: Scroll            |       |       |    12 |    15 |     9 |     5 |     5 |     3 |     6 ||    55
       Potion            |       |       |       |       |       |       |       |     1 |     6 ||     7
 Stab: Confused          |       |       |       |       |     1 |       |       |       |       ||     1
  Eat: Chunk             |       |     7 |    10 |    21 |    30 |    27 |    27 |    19 |    15 ||   156
       Royal jelly       |       |       |       |     1 |       |       |       |       |       ||     1
       Beef jerky        |       |       |       |       |     1 |       |       |     1 |       ||     2
       Pizza             |       |       |       |       |     1 |       |       |       |       ||     1
       Fruit             |       |       |       |       |       |     2 |       |       |       ||     2
       Bread ration      |       |       |       |       |       |     1 |     2 |       |     1 ||     4
       Meat ration       |       |       |       |       |       |     1 |       |       |       ||     1
